 Dungeon Crawl Stone Soup version 0.28.0-45-g0d030f2227 (webtiles) character file.

Game seed: 7273832540308899941

12 NinjaNoafa the Poker (level 2, -3/23 HPs)
             Began as a Merfolk Gladiator on Apr 3, 2022.
             Slain by a gnoll
             ... wielding a +2 flail of protection
              (12 damage)
             ... on level 1 of the Dungeon.
             The game lasted 00:01:12 (281 turns).

NinjaNoafa the Poker (Merfolk Gladiator)             Turns: 281, Time: 00:01:12

Health: -3/23      AC:  4    Str: 14    XL:     2   Next: 33%
Magic:  2/2        EV: 13    Int:  7    God:
Gold:   18         SH:  0    Dex: 15    Spells: 1/1 levels left

rFire   . . .      SeeInvis .   a - +0 trident
rCold   . . .      Faith    .   (no shield)
rNeg    . . .      Spirit   .   b - +0 leather armour
rPois   .          Reflect  .   c - +0 helmet
rElec   .          Harm     .   (no cloak)
rCorr   .          Rampage  .   (no gloves)
Will    .....                   (no boots)
Stlth   ++........              (no amulet)
HPRegen 0.07/turn               (no ring)
MPRegen 0.08/turn               (no ring)

@: no status effects
A: (nimble swimmer 2), mertail
a: no special abilities


You were on level 1 of the Dungeon.
You visited 1 branch of the dungeon, and saw 1 of its levels.

You collected 18 gold pieces.

Inventory:

Hand Weapons
 a - a +0 trident (weapon)
Missiles
 d - 3 throwing nets (quivered)
 e - 3 stones
Armour
 b - a +0 leather armour (worn)
 c - a +0 helmet (worn)


   Skills:
 + Level 2.3 Fighting
 + Level 4.5 Polearms
 + Level 2.2 Throwing
 + Level 4.1 Dodging
 * Level 1.2 Stealth


You had one spell level left.
You didn't know any spells.
Your spell library was empty.

Dungeon Overview and Level Annotations

Branches:
Dungeon (1/15)

Altars:


Innate Abilities, Weirdness & Mutations

((You are very nimble when in or above water. (Stealth+, EV+, Speed+++)))
Your lower body shifts to a powerful aquatic tail in water.


Message History

You reach to attack!
You hit the jackal.
You kill the jackal!
You completely miss the hobgoblin. The hobgoblin closely misses you.
You hit the hobgoblin.
The hobgoblin is moderately wounded.
The hobgoblin hits you but does no damage.
You puncture the hobgoblin!
You kill the hobgoblin!
No target in view!
No target in view!
No target in view!
No target in view!
Found a stone staircase leading down.
Found a plate armour.
No target in view!
You now have 18 gold pieces (gained 4).
You see here a +0 plate armour.
A gnoll comes into view.
It is wielding a +2 flail of protection.
The gnoll shouts!
The gnoll hits you with a +2 flail of protection.
The gnoll closely misses you.
You barely miss the gnoll.
The gnoll hits you with a +2 flail of protection!
You hit the gnoll but do no damage. The gnoll hits you but does no damage.
You hit the gnoll but do no damage. The gnoll barely misses you.
You barely miss the gnoll. The gnoll closely misses you.
You hit the gnoll.
The gnoll is moderately wounded.
The gnoll hits you with a +2 flail of protection.
You barely miss the gnoll.
The gnoll is moderately wounded.
The gnoll hits you but does no damage.
You hit the gnoll but do no damage.
The gnoll is moderately wounded.
The gnoll closely misses you.
You barely miss the gnoll.
The gnoll is moderately wounded.
The gnoll hits you with a +2 flail of protection!
Ouch! That really hurt!
You die...

###..##.######........
.........#####.###.###
..........##...# ..
..........##.### #. #
....†.....##.#####.
..........##..##..
####.##....##.##.#
#.###...##.##g#
#..##...#....@#
#####..#......####
.....#.#....#.##
..........>....#
......#.(###...#
....†#...###...####
..........###......
.....#.........### .#
# .....#.#.....#...##
#.## .


You could see a gnoll.

Vanquished Creatures
  A ball python (D:1)
  2 endoplasms (D:1)
  A hobgoblin (D:1)
  2 jackals (D:1)
  A quokka (D:1)
  2 bats (D:1)
  A frilled lizard (D:1)
  A kobold (D:1)
11 creatures vanquished.

Notes
Turn   | Place    | Note
-------+----------+-------------------------------------------
     0 | D:1      | NinjaNoafa the Merfolk Gladiator began the quest for the
                  | Orb.
     0 | D:1      | Reached XP level 1. HP: 16/16 MP: 1/1
   146 | D:1      | Reached skill level 1 in Stealth
   146 | D:1      | Reached XP level 2. HP: 22/22 MP: 2/2
   281 | D:1      | Slain by a gnoll

Illustrated notes

Levels and vault maps discovered:
D:1:      mrwooster_arrival_arrow, layout_rooms

Skill      XL: |  1 |
---------------+----+-----
Stealth        | 1 |  1.2
Fighting       | |  2.3
Polearms       | |  4.5
Throwing       | |  2.2
Dodging        | |  4.1

Action                   || total
-------------------------++-------
Melee: Trident           ||    38
Armor: Leather armour    ||    10
Dodge: Dodged            ||    25
